WCHLSIM.com - West Coast Hockey League
html PUBLIC "-//W3C//DTD XHTML 1.0 Transitional//EN" "http://www.w3.org/TR/xhtml1/DTD/xhtml1-transitional.dtd"> WCHL - Game 339 - SPOKANE KNIGHTS vs SAN FRANCISCO SPIDERS

SPOKANE KNIGHTS vs SAN FRANCISCO SPIDERS

Created - 23 novembre 2019 at 10:02

Goals
1 2 3 T
SPOKANE KNIGHTS 1 4 2 7
SAN FRANCISCO SPIDERS 2 1 0 3
Shots
1 2 3 T
SPOKANE KNIGHTS 13 14 6 33
SAN FRANCISCO SPIDERS 6 9 3 18

1st period

1. SPOKANE KNIGHTS , Matthew Tkachuk 8 (Patrick Kane 12, Mikael Backlund 14) at 1:43
2. SAN FRANCISCO SPIDERS , Danton Heinen 7 (Tyler Myers 5, Andrei Svechnikov 7) at 3:53 (PP)
3. SAN FRANCISCO SPIDERS , Alexander Kerfoot 5 (Alexander True 1, Taylor Leier 1) at 5:14

Penalties :
Kristopher Letang (SPO) for Tripping (Minor) at 2:43, Niko Mikkola (SAF) for Holding (Minor) at 5:57

2nd period

4. SAN FRANCISCO SPIDERS , Sven Andrighetto 2 (Danton Heinen 6, Andrei Svechnikov 8) at 1:16
5. SPOKANE KNIGHTS , Marcus Kruger 1 (Tyler Pitlick 1, Anton Stralman 7) at 9:01
6. SPOKANE KNIGHTS , Kristopher Letang 3 (Victor Hedman 12, Sebastian Aho 22) at 18:15 (PP)
7. SPOKANE KNIGHTS , Patrick Kane 15 (Sebastian Aho 23, Matthew Tkachuk 14) at 19:11 (PP)
8. SPOKANE KNIGHTS , Vincent Trocheck 7 (Phillip Danault 18) at 19:17

Penalties :
Patrick Kane (SPO) for Boarding (Minor) at 15:47, Tyler Wotherspoon (SAF) for Roughing (Minor) at 18:01, Tyler Wotherspoon (SAF) for Goalie Interference (Minor) at 18:41

3rd period

9. SPOKANE KNIGHTS , Sebastian Aho 16 (Tyler Pitlick 2, Tyler Johnson 7) at 4:20 (PP)
10. SPOKANE KNIGHTS , Tomas Hertl 13 (Blake Wheeler 18) at 11:55

Penalties :
David Schlemko (SAF) for Tripping (Minor) at 2:39, Marcus Kruger (SPO) for Slashing (Minor) at 4:57, Victor Hedman (SPO) for Roughing (Minor) at 8:13, Gabriel Bourque (SAF) for Hooking (Minor) at 8:21, Kristopher Letang (SPO) for Interference (Minor) at 8:46, Brooks Orpik (SPO) for Slashing (Minor) at 15:49

Goalie Stats

Braden Holtby (SPO), 15 saves from 18 shots - (0,833), W, 18-2-1, 60:00 minutes
Eddie Lack (SAF), 26 saves from 33 shots - (0,788), L, 1-3-0, 60:00 minutes

Players Stats for SPOKANE KNIGHTS

Player Name              G  A  P  +/- PIM S  H  SB GA TA FO     MP     PP MP  PK MP  
------------------------------------------------------------------------------------
Anton Stralman           0  1  1   3  0   0  2  1  0  0  0/0    19:41   0:53   3:29 
Blake Wheeler            0  1  1   0  0   1  2  0  0  0  0/1    16:00   1:54   0:00 
Bogdan Kiselevich        0  0  0   3  0   0  4  0  0  0  0/0    16:20   0:00   2:03 
Brooks Orpik             0  0  0  -1  2   0  5  1  0  0  0/0    20:11   0:40   4:04 
Kristopher Letang        1  0  1   0  4   5  2  0  0  0  0/0    19:26   2:51   0:00 
Marcus Kruger            1  0  1   1  2   1  0  0  0  0  3/5     5:10   0:00   0:00 
Matthew Tkachuk          1  1  2   1  0   4  1  0  0  0  0/0    15:45   1:50   0:00 
Mikael Backlund          0  1  1   1  0   3  1  1  0  0  10/14  18:23   0:00   4:28 
Patrick Kane             1  1  2   1  2   1  0  0  0  0  0/0    15:44   1:50   0:00 
Phillip Danault          0  1  1   0  0   3  2  0  0  0  16/29  18:45   0:00   5:22 
Sebastian Aho            1  2  3   0  0   3  0  0  0  0  12/18  16:31   2:30   0:00 
Tomas Hertl              1  0  1   0  0   2  0  0  0  0  0/0    19:23   1:54   3:28 
Tyler Johnson            0  1  1   0  0   0  0  0  0  0  0/0    13:44   0:40   0:00 
Tyler Pitlick            0  2  2   1  0   0  0  0  0  0  0/0     5:51   0:40   0:00 
Valentin Zykov           0  0  0   1  0   0  0  0  0  0  0/0     5:11   0:00   0:00 
Victor Hedman            0  1  1   0  2   1  2  1  0  0  0/0    22:17   2:51   3:07 
Vincent Trocheck         1  0  1   0  0   8  0  1  0  0  4/6    18:26   1:54   3:28 
Zdeno Chara              0  0  0  -1  0   1  0  0  0  0  0/0    22:01   1:33   5:29 

Players Stats for SAN FRANCISCO SPIDERS

Player Name              G  A  P  +/- PIM S  H  SB GA TA FO     MP     PP MP  PK MP  
------------------------------------------------------------------------------------
Alexander Kerfoot        1  0  1   0  0   4  1  0  0  0  0/0    12:34   0:25   0:00 
Alexander True           0  1  1   0  0   0  3  0  0  0  8/17   15:27   0:16   3:02 
Andrei Svechnikov        0  2  2  -1  0   2  4  0  0  0  2/8    14:37   3:48   0:00 
Danton Heinen            1  1  2  -1  0   5  1  0  0  0  0/1    18:53   3:45   3:02 
David Schlemko           0  0  0  -1  2   0  2  3  0  0  0/0    22:28   2:13   1:35 
Dominik Simon            0  0  0  -1  0   1  0  0  0  0  5/18   16:37   3:52   1:22 
Gabriel Bourque          0  0  0  -1  2   1  3  0  0  0  0/2    14:32   3:51   0:00 
Josh Leivo               0  0  0  -1  0   3  0  0  0  0  0/1    14:33   3:52   0:00 
Karl Alzner              0  0  0   1  0   0  3  2  0  0  0/0    21:04   4:18   2:11 
Matt Hendricks           0  0  0   0  0   1  0  0  0  0  1/2    14:22   0:00   1:22 
Niko Mikkola             0  0  0  -2  2   0  1  0  0  0  0/0    16:28   0:44   0:38 
Ryan Getzlaf             0  0  0   0  0   0  0  0  0  0  10/15  13:35   0:00   0:00 
Sean Walker              0  0  0   1  0   0  0  0  0  0  0/0    20:13   4:18   1:47 
Sven Andrighetto         1  0  1  -1  0   1  1  0  0  0  2/9    14:24   3:35   0:00 
Taylor Leier             0  1  1   0  0   0  0  0  0  0  0/0    12:09   0:00   0:00 
Tomas Plekanec           0  0  0   0  0   0  0  0  0  0  0/0    12:18   0:00   0:00 
Tyler Myers              0  1  1  -2  0   0  1  0  0  0  0/0    18:29   3:22   2:37 
Tyler Wotherspoon        0  0  0  -1  4   0  4  0  0  0  0/0    20:49   0:00   0:00 

3 Stars

1 - Sebastian Aho (SPO)
2 - Matthew Tkachuk (SPO)
3 - Anton Stralman (SPO)

Power Play

SPOKANE KNIGHTS - 3 on 5 Attempt(s) - 60,00%
SAN FRANCISCO SPIDERS - 1 on 6 Attempt(s) - 16,67%

Penalty Kill

SPOKANE KNIGHTS - 5 on 6 Attempt(s) - 83,33% - Score 0 goal in Penalty Kill
SAN FRANCISCO SPIDERS - 2 on 5 Attempt(s) - 40,00% - Score 0 goal in Penalty Kill

Team Stat

SPOKANE KNIGHTS - Hits : 21 - Faceoff Wins : 45 - Blocked Shots : 5 - Penalty Minutes : 12
SAN FRANCISCO SPIDERS - Hits : 24 - Faceoff Wins : 28 - Blocked Shots : 5 - Penalty Minutes : 10

Official

Referees : Dave Jackson and Kelly Sutherland
Linesman : Brad Kovachik and Chris Leavitt

Game Notes

No Game Note

Finance

Level 1 -- Attendance: 6105 (100,00%) -- Ticket Income 793 650 $
Level 2 -- Attendance: 4923 (95,04%) -- Ticket Income 398 763 $
Level 3 -- Attendance: 1780 (87,47%) -- Ticket Income 108 580 $
Level 4 -- Attendance: 4051 (96,91%) -- Ticket Income 162 040 $
Luxury Box -- Attendance: 821 (82,10%) -- Ticket Income 213 460 $
Game was played at the Bay Area Sports Center.
Total Attendance: 17680 (95,57%)
Total Ticket Income: 1 676 493 $
Other Income: 502 948 $
Total Income: 2 179 441 $

SPOKANE KNIGHTS

5 vs 5 Forward 
   Center                   Left Wing                Right Wing               Time % Phy DF OF 
 1 Sebastian Aho            Tomas Hertl              Blake Wheeler            32     1   2  2  
 2 Mikael Backlund          Matthew Tkachuk          Patrick Kane             32     1   2  2  
 3 Phillip Danault          Vincent Trocheck         Tyler Johnson            31     1   2  2  
 4 Marcus Kruger            Valentin Zykov           Tyler Pitlick            5      1   2  2  

5 vs 5 Defense 
   Defense                  Defense                                           Time % Phy DF OF 
 1 Victor Hedman            Kristopher Letang                                 33     1   2  2  
 2 Zdeno Chara              Brooks Orpik                                      33     1   2  2  
 3 Bogdan Kiselevich        Anton Stralman                                    24     1   2  2  
 4 Bogdan Kiselevich        Anton Stralman                                    10     1   2  2  

PowerPlay Forward 
   Center                   Left Wing                Right Wing               Time % Phy DF OF 
 1 Sebastian Aho            Matthew Tkachuk          Patrick Kane             60     1   1  3  
 2 Vincent Trocheck         Tomas Hertl              Blake Wheeler            40     1   1  3  

PowerPlay Defense
   Defense                  Defense                                           Time % Phy DF OF 
 1 Victor Hedman            Kristopher Letang                                 60     1   1  3  
 2 Zdeno Chara              Anton Stralman                                    40     1   1  3  

Penalty Kill 4 Players Forward 
   Center                   Wing                     Time % Phy DF OF 
 1 Phillip Danault          Mikael Backlund          55     1   3  1  
 2 Vincent Trocheck         Tomas Hertl              45     1   3  1  

Penalty Kill 4 Players Defense
   Defense                  Defense                  Time % Phy DF OF 
 1 Zdeno Chara              Brooks Orpik             60     1   3  1  
 2 Anton Stralman           Victor Hedman            40     1   3  1  

Penalty Kill - 3 Players Forward 
   Forward                                           Time % Phy DF OF 
 1 Phillip Danault                                   60     0   5  0  
 2 Mikael Backlund                                   40     0   5  0  

Penalty Kill - 3 Players Defense
   Defense                  Defense                  Time % Phy DF OF 
 1 Kristopher Letang        Victor Hedman            60     0   5  0  
 2 Anton Stralman           Zdeno Chara              40     0   5  0  

4 vs 4 Forward 
   Center                   Wing                     Time % Phy DF OF 
 1 Sebastian Aho            Tomas Hertl              50     1   2  2  
 2 Phillip Danault          Blake Wheeler            50     1   2  2  

4 vs 4 Defense
   Defense                  Defense                  Time % Phy DF OF 
 1 Kristopher Letang        Victor Hedman            60     1   2  2  
 2 Anton Stralman           Zdeno Chara              40     1   2  2  

Last Minutes Offensive
   Center                   Left Wing                Right Wing               Defense                  Defense                  
   Sebastian Aho            Tomas Hertl              Blake Wheeler            Kristopher Letang        Victor Hedman            

Last Minutes Defensive
   Center                   Left Wing                Right Wing               Defense                  Defense                  
   Phillip Danault          Tomas Hertl              Blake Wheeler            Kristopher Letang        Victor Hedman            

Goaltenders
Starting : Braden Holtby            
Backup : Craig Anderson           

Extra Forwards
Normal : Tyler Johnson, Mikael Backlund, Patrick Kane - PP : Tyler Johnson, Vincent Trocheck - PK : Tyler Johnson
Extra Defensemen
Normal : Zdeno Chara, Anton Stralman, Brooks Orpik - PP : Zdeno Chara - PK : Brooks Orpik, Zdeno Chara
Penalty Shots
Matthew Tkachuk, Patrick Kane, Tomas Hertl, Sebastian Aho, Blake Wheeler
Custom OT Lines Forwards
Sebastian Aho, Tomas Hertl, Phillip Danault, Blake Wheeler, Patrick Kane, Matthew Tkachuk, Mikael Backlund, Vincent Trocheck, Tyler Johnson, Tyler Pitlick
Custom OT Lines Defensemen
Kristopher Letang, Victor Hedman, Anton Stralman, Zdeno Chara, Brooks Orpik

Scratches
Dmitri Jaskin (Strained Left Knee Injury), Jamie Oleksiak (Healthy), Noah Hanifin (Healthy)

SAN FRANCISCO SPIDERS

5 vs 5 Forward 
   Center                   Left Wing                Right Wing               Time % Phy DF OF 
 1 Alexander True           Alexander Kerfoot        Taylor Leier             25     2   3  0  
 2 Dominik Simon            Gabriel Bourque          Josh Leivo               25     2   3  0  
 3 Sven Andrighetto         Danton Heinen            Andrei Svechnikov        25     2   3  0  
 4 Ryan Getzlaf             Matt Hendricks           Tomas Plekanec           25     2   3  0  

5 vs 5 Defense 
   Defense                  Defense                                           Time % Phy DF OF 
 1 Tyler Wotherspoon        David Schlemko                                    45     2   3  0  
 2 Karl Alzner              Sean Walker                                       25     2   3  0  
 3 Tyler Myers              Niko Mikkola                                      20     2   3  0  
 4 Tyler Wotherspoon        Niko Mikkola                                      10     2   3  0  

PowerPlay Forward 
   Center                   Left Wing                Right Wing               Time % Phy DF OF 
 1 Andrei Svechnikov        Danton Heinen            Sven Andrighetto         55     2   3  0  
 2 Dominik Simon            Gabriel Bourque          Josh Leivo               45     2   3  0  

PowerPlay Defense
   Defense                  Defense                                           Time % Phy DF OF 
 1 Tyler Myers              David Schlemko                                    55     2   3  0  
 2 Karl Alzner              Sean Walker                                       45     2   3  0  

Penalty Kill 4 Players Forward 
   Center                   Wing                     Time % Phy DF OF 
 1 Alexander True           Danton Heinen            55     2   3  0  
 2 Matt Hendricks           Dominik Simon            45     2   3  0  

Penalty Kill 4 Players Defense
   Defense                  Defense                  Time % Phy DF OF 
 1 Tyler Myers              David Schlemko           55     1   4  0  
 2 Karl Alzner              Sean Walker              45     1   4  0  

Penalty Kill - 3 Players Forward 
   Forward                                           Time % Phy DF OF 
 1 Alexander True                                    55     3   2  0  
 2 Danton Heinen                                     45     3   2  0  

Penalty Kill - 3 Players Defense
   Defense                  Defense                  Time % Phy DF OF 
 1 Tyler Myers              David Schlemko           55     3   2  0  
 2 Karl Alzner              Sean Walker              45     3   2  0  

4 vs 4 Forward 
   Center                   Wing                     Time % Phy DF OF 
 1 Ryan Getzlaf             Danton Heinen            55     1   4  0  
 2 Matt Hendricks           Dominik Simon            45     1   4  0  

4 vs 4 Defense
   Defense                  Defense                  Time % Phy DF OF 
 1 Tyler Myers              David Schlemko           55     1   4  0  
 2 Karl Alzner              Sean Walker              45     1   4  0  

Last Minutes Offensive
   Center                   Left Wing                Right Wing               Defense                  Defense                  
   Alexander True           Danton Heinen            Gabriel Bourque          Tyler Myers              Alexander Kerfoot        

Last Minutes Defensive
   Center                   Left Wing                Right Wing               Defense                  Defense                  
   Ryan Getzlaf             Danton Heinen            Gabriel Bourque          Tyler Myers              Niko Mikkola             

Goaltenders
Starting : Eddie Lack               
Backup : Antti Niemi              

Extra Forwards
Normal : Alexander Kerfoot, Tomas Plekanec, Sven Andrighetto - PP : Alexander True, Tomas Plekanec - PK : Sven Andrighetto
Extra Defensemen
Normal : Tyler Wotherspoon, Niko Mikkola, Karl Alzner - PP : Tyler Wotherspoon - PK : Niko Mikkola, Karl Alzner
Penalty Shots
Ryan Getzlaf, Danton Heinen, Andrei Svechnikov, Dominik Simon, Josh Leivo
Custom OT Lines Forwards
Alexander True, Danton Heinen, Alexander Kerfoot, Dominik Simon, Josh Leivo, Gabriel Bourque, Sven Andrighetto, Taylor Leier, Ryan Getzlaf, Andrei Svechnikov
Custom OT Lines Defensemen
Tyler Wotherspoon, David Schlemko, Karl Alzner, Sean Walker, Tyler Myers

Scratches
Andrew O'Brien (Healthy), Stefan LeBlanc (Healthy), Cooper Marody (Sprained Left Ankle Injury), Calle Jarnkrok (Chest/Ribs Injury), Jake Horton (Healthy)
Jake Lucchini (Severed Left Wrist Tendons Injury), Jesse Graham (Healthy), Nico Sturm (Sprained Left Finger Injury), Samuel Kurker (Healthy), Ryan McGregor (Healthy)
Zach Frye (Healthy), Jimmy Howard (Healthy)

% Time on Ice - SPOKANE KNIGHTS

Lines # - Real PCT - Wanted PCT - Time Play
Normal Forward
1 - 30% - 32% - 13:47
2 - 30% - 32% - 13:55
3 - 28% - 31% - 13:04
4 - 11% - 5% - 5:11
Normal Defense
1 - 35% - 33% - 16:12
2 - 34% - 33% - 15:28
3 - 24% - 24% - 11:09
4 - 7% - 10% - 3:08
PP Forward
1 - 57% - 60% - 2:30
2 - 43% - 40% - 1:54
PP Defense
1 - 65% - 60% - 2:51
2 - 35% - 40% - 1:33
PK Forward
1 - 55% - 55% - 4:12
2 - 45% - 45% - 3:28
PK Defense
1 - 58% - 60% - 4:25
2 - 42% - 40% - 3:15
PK3 Forward
1 - 81% - 60% - 1:10
2 - 19% - 40% - 0:16
PK3 Defense
1 - 100% - 60% - 1:26
2 - 0% - 40% - 0:00
44 Forward
1 - 42% - 50% - 0:14
2 - 58% - 50% - 0:19
44 Defense
1 - 100% - 60% - 0:33
2 - 0% - 40% - 0:00
Last Minute Offensive  - 0:00
Last Minute Defensive  - 0:00
Total
Forward - 60:00
Defense - 60:00

% Time on Ice - SAN FRANCISCO SPIDERS

Lines # - Real PCT - Wanted PCT - Time Play
Normal Forward
1 - 26% - 25% - 12:09
2 - 23% - 25% - 10:41
3 - 24% - 25% - 10:49
4 - 27% - 25% - 12:18
Normal Defense
1 - 38% - 45% - 17:34
2 - 29% - 25% - 13:16
3 - 24% - 20% - 10:57
4 - 9% - 10% - 4:10
PP Forward
1 - 50% - 55% - 3:48
2 - 50% - 45% - 3:52
PP Defense
1 - 44% - 55% - 3:22
2 - 56% - 45% - 4:18
PK Forward
1 - 69% - 55% - 3:02
2 - 31% - 45% - 1:22
PK Defense
1 - 59% - 55% - 2:37
2 - 41% - 45% - 1:47
PK3 Forward
1 - 0% - 55%
2 - 0% - 45%
PK3 Defense
1 - 0% - 55%
2 - 0% - 45%
44 Forward
1 - 65% - 55% - 1:17
2 - 35% - 45% - 0:42
44 Defense
1 - 56% - 55% - 1:07
2 - 44% - 45% - 0:52
Last Minute Offensive  - 0:00
Last Minute Defensive  - 0:00
Total
Forward - 60:00
Defense - 60:00

Play-by-Play

1st period


0:01 of 1st period - Sebastian Aho wins face-off versus Alexander True in neutral zone.
0:17 of 1st period - Shot by Tomas Hertl.
0:17 of 1st period - Shot Blocked by David Schlemko.
0:19 of 1st period - Shot by Tomas Hertl.
0:19 of 1st period - Shot Misses the Net.
0:21 of 1st period - Shot by Tomas Hertl.
0:21 of 1st period - Shot Misses the Net.
1:43 of 1st period - Shot by Matthew Tkachuk.
1:43 of 1st period - Goal by Matthew Tkachuk - SPOKANE KNIGHTS : 1 - SAN FRANCISCO SPIDERS : 0.
1:44 of 1st period - Ryan Getzlaf wins face-off versus Phillip Danault in neutral zone.
2:12 of 1st period - Shot by Phillip Danault.
2:12 of 1st period - Stopped by Eddie Lack without a rebound.
2:13 of 1st period - Marcus Kruger wins face-off versus Sven Andrighetto in SAN FRANCISCO SPIDERS zone.
2:20 of 1st period - Shot by Kristopher Letang.
2:20 of 1st period - Stopped by Eddie Lack with a rebound.
2:27 of 1st period - Andrei Svechnikov is hit by Victor Hedman and loses puck.
2:40 of 1st period - Shot by Sven Andrighetto.
2:40 of 1st period - Shot Misses the Net.
2:42 of 1st period - Shot by Andrei Svechnikov.
2:42 of 1st period - Shot Misses the Net.
2:43 of 1st period - Minor Penalty to Kristopher Letang for Tripping.
2:44 of 1st period - Phillip Danault wins face-off versus Dominik Simon in SPOKANE KNIGHTS zone.
3:21 of 1st period - Anton Stralman is hit by Gabriel Bourque and loses puck.
3:40 of 1st period - Off-side.
3:41 of 1st period - Vincent Trocheck wins face-off versus Andrei Svechnikov in neutral zone.
3:53 of 1st period - Shot by Danton Heinen.
3:53 of 1st period - Goal by Danton Heinen - SPOKANE KNIGHTS : 1 - SAN FRANCISCO SPIDERS : 1.
3:54 of 1st period - Ryan Getzlaf wins face-off versus Mikael Backlund in neutral zone.
5:14 of 1st period - Shot by Alexander Kerfoot.
5:14 of 1st period - Goal by Alexander Kerfoot - SPOKANE KNIGHTS : 1 - SAN FRANCISCO SPIDERS : 2.
5:15 of 1st period - Sebastian Aho wins face-off versus Sven Andrighetto in neutral zone.
5:28 of 1st period - Shot by Sebastian Aho.
5:28 of 1st period - Shot Blocked by David Schlemko.
5:30 of 1st period - Shot by Blake Wheeler.
5:30 of 1st period - Shot Blocked by David Schlemko.
5:32 of 1st period - Shot by Kristopher Letang.
5:32 of 1st period - Shot Misses the Net.
5:34 of 1st period - Shot by Victor Hedman.
5:34 of 1st period - Shot Misses the Net.
5:36 of 1st period - Shot by Kristopher Letang.
5:36 of 1st period - Stopped by Eddie Lack without a rebound.
5:37 of 1st period - Dominik Simon wins face-off versus Phillip Danault in SAN FRANCISCO SPIDERS zone.
5:57 of 1st period - Minor Penalty to Niko Mikkola for Holding.
5:58 of 1st period - Sebastian Aho wins face-off versus Alexander True in SAN FRANCISCO SPIDERS zone.
6:32 of 1st period - Shot by Kristopher Letang.
6:32 of 1st period - Stopped by Eddie Lack without a rebound.
6:33 of 1st period - Vincent Trocheck wins face-off versus Danton Heinen in SAN FRANCISCO SPIDERS zone.
6:37 of 1st period - Vincent Trocheck is hit by David Schlemko.
6:47 of 1st period - Shot by Tomas Hertl.
6:47 of 1st period - Stopped by Eddie Lack with a rebound.
7:00 of 1st period - Vincent Trocheck is hit by Tyler Myers and loses puck.
7:32 of 1st period - Icing by Sebastian Aho.
7:33 of 1st period - Matt Hendricks wins face-off versus Sebastian Aho in SPOKANE KNIGHTS zone.
8:16 of 1st period - Shot by Josh Leivo.
8:16 of 1st period - Stopped by Braden Holtby without a rebound.
8:17 of 1st period - Ryan Getzlaf wins face-off versus Phillip Danault in SPOKANE KNIGHTS zone.
8:36 of 1st period - Vincent Trocheck is hit by Karl Alzner and loses puck.
8:56 of 1st period - Phillip Danault is hit by Karl Alzner and loses puck.
8:59 of 1st period - Shot by Vincent Trocheck.
8:59 of 1st period - Shot Misses the Net.
9:34 of 1st period - Danton Heinen is hit by Bogdan Kiselevich and loses puck.
9:53 of 1st period - Icing by Anton Stralman.
9:54 of 1st period - Sebastian Aho wins face-off versus Alexander True in SPOKANE KNIGHTS zone.
9:54 of 1st period - Sebastian Aho is hit by Alexander True.
10:26 of 1st period - Alexander Kerfoot is hit by Brooks Orpik.
10:46 of 1st period - Shot by Gabriel Bourque.
10:46 of 1st period - Shot Blocked by Brooks Orpik.
10:48 of 1st period - Shot by Dominik Simon.
10:48 of 1st period - Deflect By Josh Leivo.
10:48 of 1st period - Shot Misses the Net.
11:01 of 1st period - Dominik Simon is hit by Brooks Orpik and loses puck.
11:35 of 1st period - Shot by Andrei Svechnikov.
11:35 of 1st period - Deflect By Danton Heinen.
11:35 of 1st period - Shot Blocked by Mikael Backlund.
11:42 of 1st period - Andrei Svechnikov is hit by Brooks Orpik and loses puck.
11:47 of 1st period - Shot by Danton Heinen.
11:47 of 1st period - Stopped by Braden Holtby without a rebound.
11:48 of 1st period - Phillip Danault wins face-off versus Ryan Getzlaf in SPOKANE KNIGHTS zone.
12:19 of 1st period - Shot by Vincent Trocheck.
12:19 of 1st period - Stopped by Eddie Lack with a rebound.
12:21 of 1st period - Shot by Vincent Trocheck.
12:21 of 1st period - Stopped by Eddie Lack with a rebound.
12:25 of 1st period - Shot by Vincent Trocheck.
12:25 of 1st period - Shot Misses the Net.
14:17 of 1st period - Victor Hedman is hit by Alexander True and loses puck.
14:25 of 1st period - Victor Hedman is hit by Tyler Wotherspoon.
14:32 of 1st period - Icing by David Schlemko.
14:33 of 1st period - Alexander True wins face-off versus Phillip Danault in SAN FRANCISCO SPIDERS zone.
14:48 of 1st period - Shot by Alexander Kerfoot.
14:48 of 1st period - Stopped by Braden Holtby without a rebound.
14:49 of 1st period - Sebastian Aho wins face-off versus Dominik Simon in SPOKANE KNIGHTS zone.
15:08 of 1st period - Shot by Josh Leivo.
15:08 of 1st period - Shot Misses the Net.
15:10 of 1st period - Shot by Josh Leivo.
15:10 of 1st period - Stopped by Braden Holtby without a rebound.
15:11 of 1st period - Phillip Danault wins face-off versus Sven Andrighetto in SPOKANE KNIGHTS zone.
15:51 of 1st period - Shot by Vincent Trocheck.
15:51 of 1st period - Shot Misses the Net.
16:03 of 1st period - Shot by Mikael Backlund.
16:03 of 1st period - Stopped by Eddie Lack without a rebound.
16:04 of 1st period - Sebastian Aho wins face-off versus Dominik Simon in SAN FRANCISCO SPIDERS zone.
16:04 of 1st period - Sebastian Aho is hit by Karl Alzner.
16:06 of 1st period - Shot by Blake Wheeler.
16:06 of 1st period - Stopped by Eddie Lack without a rebound.
16:07 of 1st period - Sebastian Aho wins face-off versus Dominik Simon in SAN FRANCISCO SPIDERS zone.
16:21 of 1st period - Icing by Sean Walker.
16:22 of 1st period - Mikael Backlund wins face-off versus Dominik Simon in SAN FRANCISCO SPIDERS zone.
17:35 of 1st period - Shot by Sebastian Aho.
17:35 of 1st period - Stopped by Eddie Lack without a rebound.
17:36 of 1st period - Phillip Danault wins face-off versus Alexander True in SAN FRANCISCO SPIDERS zone.
17:37 of 1st period - Shot by Vincent Trocheck.
17:37 of 1st period - Shot Misses the Net.
17:46 of 1st period - Icing by Anton Stralman.
17:47 of 1st period - Phillip Danault wins face-off versus Sven Andrighetto in SPOKANE KNIGHTS zone.
17:47 of 1st period - Phillip Danault is hit by Andrei Svechnikov.
18:06 of 1st period - Danton Heinen is hit by Bogdan Kiselevich and loses puck.
18:09 of 1st period - Shot by Sven Andrighetto.
18:09 of 1st period - Shot Misses the Net.
18:11 of 1st period - Shot by Danton Heinen.
18:11 of 1st period - Shot Blocked by Vincent Trocheck.
18:25 of 1st period - Sven Andrighetto is hit by Anton Stralman.
19:17 of 1st period - Shot by Sebastian Aho.
19:17 of 1st period - Shot Misses the Net.
19:19 of 1st period - Shot by Zdeno Chara.
19:19 of 1st period - Stopped by Eddie Lack without a rebound.
19:20 of 1st period - Mikael Backlund wins face-off versus Ryan Getzlaf in SAN FRANCISCO SPIDERS zone.
19:23 of 1st period - Shot by Matthew Tkachuk.
19:23 of 1st period - Stopped by Eddie Lack without a rebound.
19:24 of 1st period - Mikael Backlund wins face-off versus Ryan Getzlaf in SAN FRANCISCO SPIDERS zone.
Goals for this period are 1 for SPOKANE KNIGHTS vs 2 for SAN FRANCISCO SPIDERS.
Shots for this period are 13 for SPOKANE KNIGHTS vs 6 for SAN FRANCISCO SPIDERS.

2nd period


0:01 of 2nd period - Sebastian Aho wins face-off versus Alexander True in neutral zone.
0:56 of 2nd period - Danton Heinen is hit by Blake Wheeler.
1:07 of 2nd period - Danton Heinen is hit by Brooks Orpik and loses puck.
1:16 of 2nd period - Shot by Sven Andrighetto.
1:16 of 2nd period - Goal by Sven Andrighetto - SPOKANE KNIGHTS : 1 - SAN FRANCISCO SPIDERS : 3.
1:17 of 2nd period - Mikael Backlund wins face-off versus Dominik Simon in neutral zone.
1:24 of 2nd period - Icing by Tyler Myers.
1:25 of 2nd period - Dominik Simon wins face-off versus Mikael Backlund in SAN FRANCISCO SPIDERS zone.
1:25 of 2nd period - Dominik Simon is hit by Matthew Tkachuk.
1:39 of 2nd period - Shot by Dominik Simon.
1:39 of 2nd period - Stopped by Braden Holtby without a rebound.
1:40 of 2nd period - Phillip Danault wins face-off versus Alexander True in SPOKANE KNIGHTS zone.
1:40 of 2nd period - Phillip Danault is hit by Alexander True.
2:22 of 2nd period - Icing by Tyler Wotherspoon.
2:23 of 2nd period - Alexander True wins face-off versus Mikael Backlund in SAN FRANCISCO SPIDERS zone.
2:35 of 2nd period - Icing by Victor Hedman.
2:36 of 2nd period - Mikael Backlund wins face-off versus Dominik Simon in SPOKANE KNIGHTS zone.
3:41 of 2nd period - Shot by Phillip Danault.
3:41 of 2nd period - Shot Blocked by Karl Alzner.
4:11 of 2nd period - Shot by Danton Heinen.
4:11 of 2nd period - Stopped by Braden Holtby with a rebound.
4:29 of 2nd period - Shot by Andrei Svechnikov.
4:29 of 2nd period - Stopped by Braden Holtby without a rebound.
4:30 of 2nd period - Sebastian Aho wins face-off versus Alexander True in SPOKANE KNIGHTS zone.
5:07 of 2nd period - Shot by Alexander Kerfoot.
5:07 of 2nd period - Stopped by Braden Holtby without a rebound.
5:08 of 2nd period - Mikael Backlund wins face-off versus Andrei Svechnikov in SPOKANE KNIGHTS zone.
5:23 of 2nd period - Shot by Mikael Backlund.
5:23 of 2nd period - Stopped by Eddie Lack with a rebound.
5:35 of 2nd period - Shot by Matthew Tkachuk.
5:35 of 2nd period - Stopped by Eddie Lack with a rebound.
5:37 of 2nd period - Shot by Mikael Backlund.
5:37 of 2nd period - Stopped by Eddie Lack without a rebound.
5:38 of 2nd period - Ryan Getzlaf wins face-off versus Sebastian Aho in SAN FRANCISCO SPIDERS zone.
7:59 of 2nd period - Victor Hedman is hit by Sven Andrighetto.
8:31 of 2nd period - Shot by Vincent Trocheck.
8:31 of 2nd period - Deflect By Phillip Danault.
8:31 of 2nd period - Stopped by Eddie Lack with a rebound.
9:01 of 2nd period - Shot by Marcus Kruger.
9:01 of 2nd period - Goal by Marcus Kruger - SPOKANE KNIGHTS : 2 - SAN FRANCISCO SPIDERS : 3.
9:02 of 2nd period - Mikael Backlund wins face-off versus Josh Leivo in neutral zone.
9:51 of 2nd period - Icing by Tyler Myers.
9:52 of 2nd period - Sebastian Aho wins face-off versus Dominik Simon in SAN FRANCISCO SPIDERS zone.
10:01 of 2nd period - Josh Leivo is hit by Bogdan Kiselevich and loses puck.
10:20 of 2nd period - Matt Hendricks is hit by Bogdan Kiselevich and loses puck.
10:45 of 2nd period - Shot by Ryan Getzlaf.
10:45 of 2nd period - Deflect By Matt Hendricks.
10:45 of 2nd period - Stopped by Braden Holtby with a rebound.
11:49 of 2nd period - Shot by Andrei Svechnikov.
11:49 of 2nd period - Stopped by Braden Holtby without a rebound.
11:50 of 2nd period - Mikael Backlund wins face-off versus Dominik Simon in SPOKANE KNIGHTS zone.
12:04 of 2nd period - Dominik Simon is hit by Kristopher Letang and loses puck.
12:08 of 2nd period - Icing by Victor Hedman.
12:09 of 2nd period - Mikael Backlund wins face-off versus Alexander True in SPOKANE KNIGHTS zone.
13:14 of 2nd period - Shot by Vincent Trocheck.
13:14 of 2nd period - Stopped by Eddie Lack without a rebound.
13:15 of 2nd period - Ryan Getzlaf wins face-off versus Sebastian Aho in SAN FRANCISCO SPIDERS zone.
13:28 of 2nd period - Shot by Tomas Hertl.
13:28 of 2nd period - Shot Blocked by Karl Alzner.
14:08 of 2nd period - Shot by Vincent Trocheck.
14:08 of 2nd period - Shot Misses the Net.
14:18 of 2nd period - Shot by Vincent Trocheck.
14:18 of 2nd period - Shot Misses the Net.
14:22 of 2nd period - Shot by Phillip Danault.
14:22 of 2nd period - Stopped by Eddie Lack without a rebound.
14:23 of 2nd period - Dominik Simon wins face-off versus Marcus Kruger in SAN FRANCISCO SPIDERS zone.
15:39 of 2nd period - Shot by Vincent Trocheck.
15:39 of 2nd period - Stopped by Eddie Lack without a rebound.
15:40 of 2nd period - Sven Andrighetto wins face-off versus Mikael Backlund in SAN FRANCISCO SPIDERS zone.
15:40 of 2nd period - Sven Andrighetto is hit by Mikael Backlund.
15:47 of 2nd period - Minor Penalty to Patrick Kane for Boarding.
15:48 of 2nd period - Phillip Danault wins face-off versus Andrei Svechnikov in SPOKANE KNIGHTS zone.
15:57 of 2nd period - Phillip Danault is hit by Andrei Svechnikov and loses puck.
16:02 of 2nd period - Shot by Danton Heinen.
16:02 of 2nd period - Stopped by Braden Holtby without a rebound.
16:03 of 2nd period - Phillip Danault wins face-off versus Andrei Svechnikov in SPOKANE KNIGHTS zone.
16:20 of 2nd period - Shot by Tyler Myers.
16:20 of 2nd period - Shot Misses the Net.
16:22 of 2nd period - Shot by Andrei Svechnikov.
16:22 of 2nd period - Deflect By Danton Heinen.
16:22 of 2nd period - Stopped by Braden Holtby without a rebound.
16:23 of 2nd period - Phillip Danault wins face-off versus Andrei Svechnikov in SPOKANE KNIGHTS zone.
17:43 of 2nd period - Off-side.
17:44 of 2nd period - Phillip Danault wins face-off versus Andrei Svechnikov in neutral zone.
17:52 of 2nd period - Matt Hendricks is hit by Anton Stralman and loses puck.
17:59 of 2nd period - Shot by Tomas Hertl.
17:59 of 2nd period - Shot Misses the Net.
18:01 of 2nd period - Shot by Sebastian Aho.
18:01 of 2nd period - Stopped by Eddie Lack without a rebound.
18:01 of 2nd period - Minor Penalty to Tyler Wotherspoon for Roughing.
18:02 of 2nd period - Sebastian Aho wins face-off versus Alexander True in SAN FRANCISCO SPIDERS zone.
18:13 of 2nd period - Shot by Victor Hedman.
18:13 of 2nd period - Stopped by Eddie Lack with a rebound.
18:15 of 2nd period - Shot by Kristopher Letang.
18:15 of 2nd period - Goal by Kristopher Letang - SPOKANE KNIGHTS : 3 - SAN FRANCISCO SPIDERS : 3.
18:16 of 2nd period - Ryan Getzlaf wins face-off versus Phillip Danault in neutral zone.
18:39 of 2nd period - Vincent Trocheck is hit by Niko Mikkola and loses puck.
18:41 of 2nd period - Minor Penalty to Tyler Wotherspoon for Goalie Interference.
18:42 of 2nd period - Alexander True wins face-off versus Sebastian Aho in SAN FRANCISCO SPIDERS zone.
19:07 of 2nd period - Shot by Victor Hedman.
19:07 of 2nd period - Deflect By Matthew Tkachuk.
19:07 of 2nd period - Stopped by Eddie Lack with a rebound.
19:11 of 2nd period - Shot by Patrick Kane.
19:11 of 2nd period - Goal by Patrick Kane - SPOKANE KNIGHTS : 4 - SAN FRANCISCO SPIDERS : 3.
19:12 of 2nd period - Phillip Danault wins face-off versus Gabriel Bourque in neutral zone.
19:17 of 2nd period - Shot by Vincent Trocheck.
19:17 of 2nd period - Goal by Vincent Trocheck - SPOKANE KNIGHTS : 5 - SAN FRANCISCO SPIDERS : 3.
19:18 of 2nd period - Ryan Getzlaf wins face-off versus Phillip Danault in neutral zone.
Goals for this period are 4 for SPOKANE KNIGHTS vs 1 for SAN FRANCISCO SPIDERS.
Shots for this period are 14 for SPOKANE KNIGHTS vs 9 for SAN FRANCISCO SPIDERS.

3rd period


0:01 of 3rd period - Mikael Backlund wins face-off versus Sven Andrighetto in neutral zone.
0:01 of 3rd period - Mikael Backlund is hit by Andrei Svechnikov.
0:12 of 3rd period - Shot by Andrei Svechnikov.
0:12 of 3rd period - Shot Misses the Net.
0:49 of 3rd period - Anton Stralman is hit by Alexander Kerfoot and loses puck.
1:18 of 3rd period - Shot by Alexander True.
1:18 of 3rd period - Shot Misses the Net.
1:20 of 3rd period - Shot by Alexander Kerfoot.
1:20 of 3rd period - Stopped by Braden Holtby with a rebound.
1:32 of 3rd period - Shot by Dominik Simon.
1:32 of 3rd period - Deflect By Josh Leivo.
1:32 of 3rd period - Shot Misses the Net.
1:36 of 3rd period - Shot by Josh Leivo.
1:36 of 3rd period - Shot Misses the Net.
2:34 of 3rd period - Matt Hendricks is hit by Kristopher Letang.
2:39 of 3rd period - Minor Penalty to David Schlemko for Tripping.
2:40 of 3rd period - Alexander True wins face-off versus Vincent Trocheck in SAN FRANCISCO SPIDERS zone.
3:04 of 3rd period - Shot by Vincent Trocheck.
3:04 of 3rd period - Stopped by Eddie Lack with a rebound.
3:06 of 3rd period - Shot by Vincent Trocheck.
3:06 of 3rd period - Stopped by Eddie Lack without a rebound.
3:07 of 3rd period - Vincent Trocheck wins face-off versus Matt Hendricks in SAN FRANCISCO SPIDERS zone.
4:20 of 3rd period - Shot by Sebastian Aho.
4:20 of 3rd period - Goal by Sebastian Aho - SPOKANE KNIGHTS : 6 - SAN FRANCISCO SPIDERS : 3.
4:21 of 3rd period - Marcus Kruger wins face-off versus Dominik Simon in neutral zone.
4:57 of 3rd period - Minor Penalty to Marcus Kruger for Slashing.
4:58 of 3rd period - Andrei Svechnikov wins face-off versus Phillip Danault in SPOKANE KNIGHTS zone.
5:25 of 3rd period - Icing by Danton Heinen.
5:26 of 3rd period - Andrei Svechnikov wins face-off versus Vincent Trocheck in SAN FRANCISCO SPIDERS zone.
5:54 of 3rd period - Off-side.
5:55 of 3rd period - Vincent Trocheck wins face-off versus Dominik Simon in neutral zone.
6:05 of 3rd period - Icing by Gabriel Bourque.
6:06 of 3rd period - Phillip Danault wins face-off versus Dominik Simon in SAN FRANCISCO SPIDERS zone.
6:27 of 3rd period - Victor Hedman is hit by Gabriel Bourque and loses puck.
7:05 of 3rd period - Icing by Taylor Leier.
7:06 of 3rd period - Alexander True wins face-off versus Blake Wheeler in SAN FRANCISCO SPIDERS zone.
7:27 of 3rd period - Shot by Alexander True.
7:27 of 3rd period - Shot Misses the Net.
7:41 of 3rd period - Alexander Kerfoot is hit by Blake Wheeler and loses puck.
7:45 of 3rd period - Icing by Taylor Leier.
7:46 of 3rd period - Alexander True wins face-off versus Phillip Danault in SAN FRANCISCO SPIDERS zone.
7:46 of 3rd period - Alexander True is hit by Phillip Danault.
8:01 of 3rd period - Icing by Kristopher Letang.
8:02 of 3rd period - Sven Andrighetto wins face-off versus Phillip Danault in SPOKANE KNIGHTS zone.
8:02 of 3rd period - Danton Heinen is hit by Victor Hedman.
8:13 of 3rd period - Minor Penalty to Victor Hedman for Roughing.
8:14 of 3rd period - Phillip Danault wins face-off versus Gabriel Bourque in SPOKANE KNIGHTS zone.
8:14 of 3rd period - Phillip Danault is hit by Gabriel Bourque.
8:21 of 3rd period - Minor Penalty to Gabriel Bourque for Hooking.
8:22 of 3rd period - Ryan Getzlaf wins face-off versus Sebastian Aho in SAN FRANCISCO SPIDERS zone.
8:27 of 3rd period - Shot by Kristopher Letang.
8:27 of 3rd period - Stopped by Eddie Lack without a rebound.
8:28 of 3rd period - Phillip Danault wins face-off versus Ryan Getzlaf in SAN FRANCISCO SPIDERS zone.
8:46 of 3rd period - Minor Penalty to Kristopher Letang for Interference.
8:47 of 3rd period - Ryan Getzlaf wins face-off versus Phillip Danault in SPOKANE KNIGHTS zone.
8:59 of 3rd period - Icing by Ryan Getzlaf.
9:00 of 3rd period - Ryan Getzlaf wins face-off versus Phillip Danault in SAN FRANCISCO SPIDERS zone.
11:10 of 3rd period - Icing by Victor Hedman.
11:11 of 3rd period - Marcus Kruger wins face-off versus Dominik Simon in SPOKANE KNIGHTS zone.
11:26 of 3rd period - Shot by Gabriel Bourque.
11:26 of 3rd period - Stopped by Braden Holtby without a rebound.
11:27 of 3rd period - Alexander True wins face-off versus Sebastian Aho in SPOKANE KNIGHTS zone.
11:55 of 3rd period - Shot by Tomas Hertl.
11:55 of 3rd period - Goal by Tomas Hertl - SPOKANE KNIGHTS : 7 - SAN FRANCISCO SPIDERS : 3.
11:56 of 3rd period - Phillip Danault wins face-off versus Ryan Getzlaf in neutral zone.
11:59 of 3rd period - Ryan Getzlaf is hit by Phillip Danault and loses puck.
12:10 of 3rd period - Shot by Vincent Trocheck.
12:10 of 3rd period - Stopped by Eddie Lack without a rebound.
12:11 of 3rd period - Sebastian Aho wins face-off versus Sven Andrighetto in SAN FRANCISCO SPIDERS zone.
12:14 of 3rd period - Shot by Blake Wheeler.
12:14 of 3rd period - Deflect By Sebastian Aho.
12:14 of 3rd period - Shot Misses the Net.
12:31 of 3rd period - Icing by Danton Heinen.
12:32 of 3rd period - Phillip Danault wins face-off versus Sven Andrighetto in SAN FRANCISCO SPIDERS zone.
13:53 of 3rd period - Blake Wheeler is hit by Tyler Wotherspoon and loses puck.
14:12 of 3rd period - Shot by Tomas Hertl.
14:12 of 3rd period - Shot Misses the Net.
14:29 of 3rd period - Matthew Tkachuk is hit by David Schlemko.
14:40 of 3rd period - Mikael Backlund is hit by Tyler Wotherspoon and loses puck.
14:46 of 3rd period - Patrick Kane is hit by Tyler Wotherspoon and loses puck.
15:20 of 3rd period - Shot by Danton Heinen.
15:20 of 3rd period - Shot Misses the Net.
15:32 of 3rd period - Tyler Johnson is hit by Andrei Svechnikov and loses puck.
15:49 of 3rd period - Minor Penalty to Brooks Orpik for Slashing.
15:50 of 3rd period - Dominik Simon wins face-off versus Phillip Danault in SPOKANE KNIGHTS zone.
15:57 of 3rd period - Shot by Josh Leivo.
15:57 of 3rd period - Stopped by Braden Holtby without a rebound.
15:58 of 3rd period - Dominik Simon wins face-off versus Phillip Danault in SPOKANE KNIGHTS zone.
15:59 of 3rd period - Shot by Josh Leivo.
15:59 of 3rd period - Shot Misses the Net.
16:03 of 3rd period - Shot by Dominik Simon.
16:03 of 3rd period - Shot Blocked by Anton Stralman.
17:19 of 3rd period - Shot by Danton Heinen.
17:19 of 3rd period - Shot Misses the Net.
18:00 of 3rd period - Shot by Taylor Leier.
18:00 of 3rd period - Shot Blocked by Victor Hedman.
18:31 of 3rd period - Icing by Alexander True.
18:32 of 3rd period - Alexander True wins face-off versus Marcus Kruger in SAN FRANCISCO SPIDERS zone.
19:01 of 3rd period - Brooks Orpik is hit by Danton Heinen and loses puck.
19:09 of 3rd period - Danton Heinen is hit by Brooks Orpik.
Goals for this period are 2 for SPOKANE KNIGHTS vs 0 for SAN FRANCISCO SPIDERS.
Shots for this period are 6 for SPOKANE KNIGHTS vs 3 for SAN FRANCISCO SPIDERS.


OWEN
TIPPETT
GUSTAV
FORSLING
MATTHEW
BOLDY

EAST COAST

HOCKEY LEAGUE

  • 67.PIT4RHI2
  • 68.ATL5WOR3
  • 69.QUECHW
  • 70.CHATRV